[Event "6th Cesme Open-A 2018"]
[Site "Cesme"]
[Date "2018.06.29"]
[Round "6.1"]
[White "Solodovnichenko, Yuri"]
[Black "Sumets, Andrey"]
[Result "1/2-1/2"]
[ECO "C11"]
[WhiteElo "2531"]
[BlackElo "2575"]
[Annotator "ChessBase"]
[PlyCount "175"]
[EventDate "2018.06.26"]
[EventType "swiss"]
[EventCountry "TUR"]
[SourceTitle "playchess.com"]
[Source "ChessBase"]
[SourceQuality "1"]
[TimeControl "5400+30"]

1. e4 e6 2. d4 d5 3. Nc3 Nf6 4. e5 Nfd7 5. f4 c5 6. Nf3 Nc6 7. Be3 a6 8. Qd2 b5 9. Bd3 Qb6 10. Qf2 cxd4 11. Nxd4 Nxd4 12. Bxd4 Bc5 13. Bxc5 Nxc5 14. b4 Nd7 15. a4 Qc7 16. Qd4 bxa4 17. Nxa4 Bb7 18. O-O O-O 19. Ra3 Rfc8 20. f5 h6 21. f6 Qxe5 22. Qxe5 Nxe5 23. Nb6 Nxd3 24. cxd3 d4 25. Nxa8 Rc2 26. Rf4 Rxg2+ 27. Kf1 Bxa8 28. Rxd4 Bf3 29. Rxa6 Rxh2 30. Rd8+ Kh7 31. Rxe6 g5 32. Re7 Kg6 33. Rdd7 Bg4 34. Rb7 Be6 35. Rxe6 fxe6 36. f7 Kg7 37. Kg1 Rb2 38. d4 Kf8 39. b5 h5 40. b6 h4 41. d5 exd5 42. Rd7 Rxb6 43. Rxd5 g4 44. Rh5 Rb1+ 45. Kg2 Rb2+ 46. Kh1 h3 47. Rg5 Rb4 48. Kh2 Kxf7 49. Kg3 Kf6 50. Rg8 Re4 51. Ra8 Re1 52. Ra6+ Kf5 53. Ra5+ Re5 54. Ra3 Rd5 55. Rb3 Ra5 56. Rc3 Kg5 57. Rb3 Kh5 58. Rc3 Rg5 59. Ra3 Kg6 60. Ra6+ Kf7 61. Ra7+ Ke6 62. Ra6+ Kd7 63. Rh6 Rg8 64. Ra6 Kc7 65. Rh6 Kb7 66. Rd6 Kc7 67. Rh6 Kd7 68. Ra6 Ke7 69. Rh6 Kf7 70. Ra6 Rg6 71. Ra7+ Kf6 72. Ra6+ Kf5 73. Ra5+ Ke4 74. Ra4+ Kd3 75. Ra3+ Kc2 76. Ra2+ Kc1 77. Ra1+ Kb2 78. Re1 Kc2 79. Ra1 Kc3 80. Ra2 Rg8 81. Ra1 Rh8 82. Kxg4 h2 83. Rh1 Kd3 84. Kg3 Ke3 85. Re1+ Kd2 86. Rh1 Ke2 87. Rxh2+ Rxh2 88. Kxh2 1/2-1/2

[Event "6th Cesme Open-A 2018"]
[Site "Cesme"]
[Date "2018.06.29"]
[Round "6.2"]
[White "Baklan, Vladimir"]
[Black "Yilmazyerli, Mert"]
[Result "1/2-1/2"]
[ECO "B09"]
[WhiteElo "2595"]
[BlackElo "2491"]
[Annotator "ChessBase"]
[PlyCount "22"]
[EventDate "2018.06.26"]
[EventType "swiss"]
[EventCountry "TUR"]
[SourceTitle "playchess.com"]
[Source "ChessBase"]
[SourceQuality "1"]
[TimeControl "5400+30"]

1. e4 d6 2. d4 Nf6 3. Nc3 g6 4. f4 Bg7 5. Bd3 O-O 6. e5 dxe5 7. dxe5 Nd5 8. Nxd5 Qxd5 9. Qe2 Bf5 10. Bxf5 gxf5 11. Nf3 Nc6 1/2-1/2

[Event "6th Cesme Open-A 2018"]
[Site "Cesme"]
[Date "2018.06.29"]
[Round "6.3"]
[White "Koksal, Ege"]
[Black "Rasulov, Vugar"]
[Result "0-1"]
[ECO "B41"]
[WhiteElo "2356"]
[BlackElo "2516"]
[Annotator "ChessBase"]
[PlyCount "94"]
[EventDate "2018.06.26"]
[EventType "swiss"]
[EventCountry "TUR"]
[SourceTitle "playchess.com"]
[Source "ChessBase"]
[SourceQuality "1"]
[TimeControl "5400+30"]

1. d4 e6 2. Nf3 c5 3. c4 cxd4 4. Nxd4 Nf6 5. Nc3 a6 6. Nc2 Qc7 7. e4 b6 8. Bd3 Bb7 9. O-O d6 10. f3 Nbd7 11. Be3 Be7 12. Qd2 O-O 13. Be2 Rac8 14. Rac1 Qb8 15. Rfd1 Rfe8 16. Bf1 h5 17. Bf4 Ne5 18. Na3 h4 19. h3 Rcd8 20. Bg5 d5 21. cxd5 exd5 22. Bxf6 dxe4 23. Bxe5 Qxe5 24. Qe1 b5 25. Kh1 Rxd1 26. Rxd1 Bd6 27. Rxd6 Qxd6 28. Nxe4 Bxe4 29. fxe4 Qd4 30. Qc3 Qxe4 31. Nc2 Rd8 32. Ne3 Re8 33. Nc2 Qe6 34. a3 Rc8 35. Qd2 Qf6 36. Ne3 Re8 37. Kg1 Qg5 38. Kf2 Qg3+ 39. Ke2 f5 40. Qd5+ Kh8 41. Qc5 Re5 42. Qb6 f4 43. Qd8+ Kh7 44. Kd1 Rxe3 45. Bd3+ Rxd3+ 46. Kc2 Rxd8 47. Kb1 Qb3 0-1

[Event "6th Cesme Open-A 2018"]
[Site "Cesme"]
[Date "2018.06.29"]
[Round "6.4"]
[White "Sanal, Vahap"]
[Black "Malakhatko, Vadim"]
[Result "1/2-1/2"]
[ECO "D78"]
[WhiteElo "2510"]
[BlackElo "2499"]
[Annotator "ChessBase"]
[PlyCount "124"]
[EventDate "2018.06.26"]
[EventType "swiss"]
[EventCountry "TUR"]
[SourceTitle "playchess.com"]
[Source "ChessBase"]
[SourceQuality "1"]
[TimeControl "5400+30"]

1. Nf3 d5 2. g3 g6 3. c4 c6 4. Bg2 Bg7 5. O-O Nf6 6. b3 Ne4 7. d4 O-O 8. Bb2 Bf5 9. Nc3 Nxc3 10. Bxc3 Be4 11. Rc1 a5 12. e3 Nd7 13. cxd5 cxd5 14. Bh3 Bxf3 15. Qxf3 e6 16. Qe2 Qb6 17. Rc2 Rfd8 18. Rfc1 Bf8 19. Bf1 Ba3 20. Rb1 Rdc8 21. f3 Rc6 22. Be1 Qc7 23. Rxc6 bxc6 24. Rd1 Qb6 25. Bf2 a4 26. Rb1 axb3 27. Rxb3 Qa7 28. Qc2 c5 29. e4 c4 30. Rb5 Rb8 31. Qb1 Rxb5 32. Qxb5 Nf6 33. Be2 Kg7 34. g4 h6 35. h4 Qc7 36. Qa4 Be7 37. e5 Nd7 38. f4 Nb6 39. Qc2 Qd7 40. Bd1 Bd8 41. Kf1 Nc8 42. Qa4 Qxa4 43. Bxa4 Ne7 44. Ke2 h5 45. g5 Bb6 46. Kd2 Nf5 47. Kc3 Ba5+ 48. Kc2 Kf8 49. Bd7 Ke7 50. Bc8 Kd8 51. Ba6 Bb6 52. Kc3 Ba5+ 53. Kc2 Bb6 54. Kc3 Ba5+ 55. Kc2 Kc7 56. Bb5 Be1 57. Ba6 Ba5 58. Bb5 Be1 59. Bg1 Ba5 60. Bf2 Ne7 61. a4 Nc6 62. Bg3 Bb4 1/2-1/2

[Event "6th Cesme Open-A 2018"]
[Site "Cesme"]
[Date "2018.06.29"]
[Round "6.5"]
[White "Odeev, Handszar"]
[Black "Sadikhov, Ulvi"]
[Result "1/2-1/2"]
[ECO "C41"]
[WhiteElo "2415"]
[BlackElo "2484"]
[Annotator "ChessBase"]
[PlyCount "84"]
[EventDate "2018.06.26"]
[EventType "swiss"]
[EventCountry "TUR"]
[SourceTitle "playchess.com"]
[Source "ChessBase"]
[SourceQuality "1"]
[TimeControl "5400+30"]

1. e4 d6 2. d4 Nf6 3. Nc3 e5 4. Nf3 Nbd7 5. Bd3 Be7 6. Ne2 O-O 7. Ng3 Re8 8. O-O Bf8 9. Re1 g6 10. c3 Bg7 11. h3 b6 12. a4 a6 13. Bg5 Bb7 14. Qd2 c5 15. d5 Qc7 16. c4 Bc8 17. Bh6 Nf8 18. Nh4 Qe7 19. Bg5 Qc7 20. Rf1 N6d7 21. b3 Rb8 22. Rae1 Rb7 23. Bh6 Qd8 24. Bxg7 Qxh4 25. Bh6 f6 26. Be3 a5 27. Kh2 Nb8 28. f4 Rf7 29. Rf2 exf4 30. Bxf4 Nbd7 31. Bxd6 Ne5 32. Bxe5 Rxe5 33. Qf4 Qxf4 34. Rxf4 Nd7 35. Nf1 Re8 36. Nd2 Rfe7 37. Ref1 Kg7 38. Bc2 h5 39. R4f2 Rf8 40. Nf3 Ne5 41. Rd1 Bd7 42. Rdd2 Nf7 1/2-1/2

[Event "6th Cesme Open-A 2018"]
[Site "Cesme"]
[Date "2018.06.29"]
[Round "6.6"]
[White "Cansun, Can Alp"]
[Black "Oleksiyenko, Mykhaylo"]
[Result "1/2-1/2"]
[ECO "B47"]
[WhiteElo "1918"]
[BlackElo "2604"]
[Annotator "ChessBase"]
[PlyCount "79"]
[EventDate "2018.06.26"]
[EventType "swiss"]
[EventCountry "TUR"]
[SourceTitle "playchess.com"]
[Source "ChessBase"]
[SourceQuality "1"]
[TimeControl "5400+30"]

1. e4 c5 2. Nf3 e6 3. d4 cxd4 4. Nxd4 Nc6 5. Nc3 Qc7 6. g3 a6 7. Bg2 h5 8. h3 h4 9. g4 Nge7 10. O-O Ng6 11. Re1 Be7 12. Nf5 O-O 13. Nxe7+ Ncxe7 14. Be3 Nf4 15. Bxf4 Qxf4 16. e5 f5 17. exf6 gxf6 18. Ne2 Qb4 19. Qc1 Qc5 20. Nf4 Qg5 21. Nd3 Qxc1 22. Raxc1 Ra7 23. c4 b5 24. cxb5 axb5 25. Nb4 d5 26. Rc5 Bd7 27. Bf1 Rc8 28. Rec1 Rxc5 29. Rxc5 Rb7 30. f4 Kf7 31. Kf2 Ng6 32. f5 exf5 33. gxf5 Ne5 34. Nxd5 Bxf5 35. Rc7+ Rxc7 36. Nxc7 Nd3+ 37. Ke3 Nxb2 38. Nxb5 Be6 39. Nc3 Nc4+ 40. Ke4 1/2-1/2

[Event "6th Cesme Open-A 2018"]
[Site "Cesme"]
[Date "2018.06.29"]
[Round "6.7"]
[White "Kovchan, Alexander"]
[Black "Guseynov, Alihan"]
[Result "1/2-1/2"]
[ECO "B39"]
[WhiteElo "2572"]
[BlackElo "2341"]
[Annotator "ChessBase"]
[PlyCount "176"]
[EventDate "2018.06.26"]
[EventType "swiss"]
[EventCountry "TUR"]
[SourceTitle "playchess.com"]
[Source "ChessBase"]
[SourceQuality "1"]
[TimeControl "5400+30"]

1. c4 c5 2. Nf3 g6 3. d4 Bg7 4. e4 cxd4 5. Nxd4 Nc6 6. Be3 Nf6 7. Nc3 Ng4 8. Qxg4 Nxd4 9. Qd1 e5 10. Bd3 O-O 11. O-O d6 12. Qd2 Be6 13. Nd5 Bxd5 14. cxd5 f5 15. f3 fxe4 16. Bxe4 Nf5 17. Bf2 Bh6 18. Qd3 Qa5 19. Rfd1 Rac8 20. a3 Qa4 21. b3 Qa5 22. b4 Qa4 23. h4 Bf4 24. h5 Kg7 25. Rab1 Rf6 26. b5 Ng3 27. Rb4 Qa5 28. b6 a6 29. Rc4 Rxc4 30. Qxc4 Nxe4 31. Qxe4 Qxa3 32. g3 Bg5 33. Kg2 Qb3 34. Rh1 Rf5 35. h6+ Bxh6 36. f4 Bxf4 37. gxf4 Rxf4 38. Qe2 Qxd5+ 39. Kh2 Rf5 40. Rg1 Kf7 41. Rg4 Rh5+ 42. Kg3 Qh1 43. Qf3+ Qxf3+ 44. Kxf3 d5 45. Rg1 Ke6 46. Rc1 Rf5+ 47. Ke2 Rf7 48. Rc8 d4 49. Bg3 Re7 50. Bh4 Rd7 51. Re8+ Kd5 52. Bg3 e4 53. Bc7 d3+ 54. Ke3 Kc5 55. Kd2 Kd4 56. Bf4 Rf7 57. Rd8+ Kc5 58. Be3+ Kc6 59. Kc3 Rd7 60. Re8 d2 61. Rc8+ Kb5 62. Rc5+ Kxb6 63. Rc4+ Kb5 64. Rc5+ Kb6 65. Re5+ Kc6 66. Bxd2 Rd3+ 67. Kc2 Rd6 68. Rxe4 h5 69. Bf4 Rf6 70. Kd3 Rf5 71. Bb8 g5 72. Re6+ Kc5 73. Ke4 Rd5 74. Rh6 Rd4+ 75. Ke3 Rh4 76. Rf6 Rh3+ 77. Ke4 g4 78. Be5 a5 79. Bd4+ Kc4 80. Be3 b5 81. Rc6+ Kb3 82. Rc5 Kb4 83. Rc1 a4 84. Rb1+ Kc4 85. Rc1+ Kb3 86. Rb1+ Kc4 87. Rc1+ Kb3 88. Rb1+ Kc4 1/2-1/2

[Event "6th Cesme Open-A 2018"]
[Site "Cesme"]
[Date "2018.06.29"]
[Round "6.8"]
[White "Zeynalli, Rashad"]
[Black "Gadimbayli, Abdulla"]
[Result "0-1"]
[ECO "E17"]
[WhiteElo "2295"]
[BlackElo "2420"]
[Annotator "ChessBase"]
[PlyCount "76"]
[EventDate "2018.06.26"]
[EventType "swiss"]
[EventCountry "TUR"]
[SourceTitle "playchess.com"]
[Source "ChessBase"]
[SourceQuality "1"]
[TimeControl "5400+30"]

1. Nf3 e6 2. c4 Nf6 3. g3 b6 4. Bg2 Bb7 5. O-O Be7 6. Nc3 O-O 7. Re1 d5 8. cxd5 exd5 9. d4 Nbd7 10. Bf4 c5 11. Rc1 Ne4 12. dxc5 Bxc5 13. Nd4 Nxc3 14. Rxc3 Nf6 15. a3 Ne4 16. Rc1 Qf6 17. Be3 a5 18. Qa4 Rfe8 19. Red1 Ba6 20. Bf3 Bxe2 21. Bxe2 Nxf2 22. Qb3 Nxd1 23. Rxd1 Re4 24. Qxd5 Rae8 25. b4 axb4 26. axb4 Rxe3 27. bxc5 R3e5 28. Qa2 Re4 29. Bc4 Rd8 30. c6 Rexd4 31. Rf1 Qxc6 32. Bxf7+ Kh8 33. Bb3 Qc5 34. Kh1 Rd2 35. Qa4 Qh5 36. Qh4 Qxh4 37. gxh4 Rb2 38. Rf3 Ra8 0-1

[Event "6th Cesme Open-A 2018"]
[Site "Cesme"]
[Date "2018.06.29"]
[Round "6.9"]
[White "Ozen, Deniz"]
[Black "Gunduz, Umut Erdem"]
[Result "1/2-1/2"]
[ECO "C84"]
[WhiteElo "2408"]
[BlackElo "2130"]
[Annotator "ChessBase"]
[PlyCount "106"]
[EventDate "2018.06.26"]
[EventType "swiss"]
[EventCountry "TUR"]
[SourceTitle "playchess.com"]
[Source "ChessBase"]
[SourceQuality "1"]
[TimeControl "5400+30"]

1. e4 e5 2. Nf3 Nc6 3. Bb5 a6 4. Ba4 Nf6 5. d3 b5 6. Bb3 Be7 7. Nc3 d6 8. Nd5 Na5 9. Nxe7 Qxe7 10. O-O O-O 11. h3 h6 12. Re1 c5 13. Nh4 c4 14. dxc4 Nxc4 15. Qf3 Rd8 16. c3 d5 17. Nf5 Bxf5 18. exf5 e4 19. Qf4 Ne5 20. Re2 Nh5 21. Qe3 Qf6 22. a4 b4 23. Rd2 Nd3 24. Rxd3 exd3 25. Qxd3 bxc3 26. bxc3 Qe5 27. Be3 Nf6 28. Bd4 Qe4 29. Bc2 Qxd3 30. Bxd3 Ne4 31. f3 Nd2 32. Be3 Nc4 33. Bd4 Rab8 34. f6 g6 35. Re1 Re8 36. Re7 Rxe7 37. fxe7 f5 38. Bc5 Kf7 39. g4 Rc8 40. Bd4 f4 41. h4 Rc6 42. Bg7 Kxe7 43. Bxh6 Ne5 44. Be2 Rxc3 45. Bxf4 Nxf3+ 46. Kf2 Nd4 47. Bg5+ Kf7 48. Bxa6 Ne6 49. Bd2 Rc2 50. Ke1 Ra2 51. Bb7 Rxa4 52. Bxd5 Rxg4 53. Bg5 Rxg5 1/2-1/2

[Event "6th Cesme Open-A 2018"]
[Site "Cesme"]
[Date "2018.06.29"]
[Round "6.10"]
[White "Agdelen, Huseyin Can"]
[Black "Danin, Alexandre"]
[Result "0-1"]
[ECO "C14"]
[WhiteElo "2276"]
[BlackElo "2539"]
[Annotator "ChessBase"]
[PlyCount "100"]
[EventDate "2018.06.26"]
[EventType "swiss"]
[EventCountry "TUR"]
[SourceTitle "playchess.com"]
[Source "ChessBase"]
[SourceQuality "1"]
[TimeControl "5400+30"]

1. e4 e6 2. d4 d5 3. Nc3 Nf6 4. Bg5 Be7 5. e5 Nfd7 6. h4 c5 7. Bxe7 Kxe7 8. Nf3 cxd4 9. Qxd4 Nc6 10. Qf4 Qc7 11. O-O-O Ndxe5 12. Kb1 Qb8 13. h5 f6 14. h6 g5 15. Nxg5 Nf7 16. Qxb8 Rxb8 17. Nxf7 Kxf7 18. g3 Bd7 19. Be2 Rbd8 20. Bh5+ Kf8 21. Rhe1 Rg8 22. Ne2 Rg5 23. Nf4 Re5 24. Be2 Ke7 25. Bd3 Rh8 26. a3 Rxe1 27. Rxe1 Ne5 28. Be2 Be8 29. Bf1 Kd6 30. Bh3 Bf7 31. b3 b5 32. Kb2 a6 33. Re3 Re8 34. Re1 Rg8 35. Re3 a5 36. Ka2 Ng4 37. Bxg4 Rxg4 38. Rc3 e5 39. Nd3 Be6 40. Nc5 Bc8 41. Na4 Bf5 42. Nc5 d4 43. Nb7+ Kd7 44. Rc5 Re4 45. Nxa5 Re2 46. Kb2 Rxf2 47. g4 Bg6 48. g5 fxg5 49. Rxe5 Rxc2+ 50. Ka1 d3 0-1

[Event "6th Cesme Open-A 2018"]
[Site "Cesme"]
[Date "2018.06.29"]
[Round "6.11"]
[White "Haznedaroglu, Kivanc"]
[Black "Allajov, Ramil"]
[Result "1/2-1/2"]
[ECO "D37"]
[WhiteElo "2472"]
[BlackElo "2168"]
[Annotator "ChessBase"]
[PlyCount "102"]
[EventDate "2018.06.26"]
[EventType "swiss"]
[EventCountry "TUR"]
[SourceTitle "playchess.com"]
[Source "ChessBase"]
[SourceQuality "1"]
[TimeControl "5400+30"]

1. c4 Nf6 2. Nc3 e6 3. Nf3 d5 4. d4 Be7 5. Bf4 O-O 6. e3 dxc4 7. Bxc4 Nd5 8. Bg3 Nxc3 9. bxc3 c5 10. O-O Nc6 11. Qe2 Qa5 12. Rac1 a6 13. e4 b5 14. Bd3 c4 15. Bb1 Ba3 16. d5 Bxc1 17. Rxc1 Nd8 18. d6 f6 19. e5 f5 20. Nd4 Qa3 21. Qe3 Bd7 22. Bh4 Nc6 23. Nxc6 Bxc6 24. Rd1 Qa4 25. Qd4 Rf7 26. Be7 Bd5 27. h3 b4 28. cxb4 Qxb4 29. Bc2 Qa3 30. Qb6 c3 31. Qc7 Qxa2 32. d7 Rxe7 33. Bxf5 exf5 34. d8=Q+ Rxd8 35. Qxd8+ Kf7 36. Rxd5 c2 37. e6+ Kg6 38. Rc5 Rxe6 39. Qc8 h5 40. Rxc2 Qa1+ 41. Kh2 Qe5+ 42. Kg1 Qa1+ 43. Kh2 Qe5+ 44. Kg1 a5 45. Rc5 Qe1+ 46. Kh2 Rf6 47. Qc7 Re6 48. Qc8 Rf6 49. Qc7 Qxf2 50. Rxa5 Qd4 51. Ra7 Qd6+ 1/2-1/2

[Event "6th Cesme Open-A 2018"]
[Site "Cesme"]
[Date "2018.06.29"]
[Round "6.13"]
[White "Barsov, Alexei"]
[Black "Demirbag, Alihan"]
[Result "1-0"]
[ECO "A70"]
[WhiteElo "2371"]
[BlackElo "2103"]
[Annotator "NA"]
[PlyCount "187"]
[EventDate "2018.06.26"]
[EventType "swiss"]
[EventCountry "TUR"]
[SourceTitle "playchess.com"]
[Source "ChessBase"]
[SourceQuality "1"]
[TimeControl "5400+30"]

1. d4 Nf6 2. c4 c5 3. d5 e6 4. Nc3 exd5 5. cxd5 d6 6. e4 g6 7. Bd3 Bg7 8. h3 O-O 9. Nf3 Re8 10. O-O c4 11. Bc2 a6 {[%emt 0:00:00] A70: Modern Benoni: 6 e4 g6 7 Nf3} 12. a4 Qc7 (12... Nbd7 13. Re1 Rb8 14. Bf4 Qc7 15. Qd2 b5 16. axb5 axb5 17. Nd4 Rb6 18. Ndxb5 Qb8 19. Nxd6 Rxd6 20. e5 Nxe5 21. Bxe5 Rxe5 22. Rxe5 {1-0 (34) Akobian,V (2606)-Ghaem Maghami,E (2599) Beijing 2008}) 13. Be3 Nbd7 14. Bd4 Nh5 $146 ({Predecessor:} 14... b6 15. Nd2 Bb7 16. Rb1 Rac8 17. Re1 Re7 18. b3 {½-½ (18) Blagojevic,D (2483)-Kriebel,T (2484) Konya 2016}) 15. Bxg7 Nxg7 16. a5 Ne5 17. Nxe5 Rxe5 18. Qd4 Bd7 19. Ba4 Rc8 20. Bxd7 Qxd7 21. Ra4 Qc7 22. Rb4 Re7 (22... f5 $142) 23. Ra1 Qc5 24. Qxc5 Rxc5 25. Raa4 Rec7 26. Rb6 Ne8 27. f4 f6 28. Kf2 h5 29. h4 Kg7 30. Ke3 Kh6 31. Kd4 Re7 32. g3 Kg7 33. Rab4 Rxa5 34. Rxb7 Kf8 35. Rxe7 Kxe7 36. Rb7+ Kd8 37. Kxc4 Ra1 38. Ne2 Kc8 39. Re7 Kd8 40. Rf7 Re1 41. Nd4 Rxe4 42. Kd3 f5 43. Nc6+ Kc8 44. Ne7+ Kd8 45. Nc6+ Kc8 46. Ne7+ Kd8 47. Nxg6 Rb4 48. Kc2 Rc4+ 49. Kb1 Re4 50. Rxf5 Re3 51. Rxh5 Rxg3 52. Rg5 Rh3 53. b4 Nf6 54. Kc2 Ke8 55. Rf5 Kf7 56. Ne5+ Kg7 57. Rg5+ Kh7 58. Nf7 Rxh4 59. Rf5 Nh5 60. Nxd6 Nxf4 61. Kb3 Kg6 62. Re5 Rh1 63. Ne4 Rb1+ $18 64. Kc3 Rc1+ 65. Kd4 Rd1+ 66. Kc4 Rc1+ 67. Nc3 Kf6 68. Re8 Nxd5 69. Kxd5 Rxc3 70. Re6+ Kf7 71. Rxa6 Ke7 72. Rc6 Rb3 73. Kc5 Kd7 74. b5 Rb1 75. Kb6 Rb2 76. Rc1 Rb3 77. Ka6 Ra3+ 78. Kb7 Rb3 79. b6 Rb2 80. Ka7 Ra2+ 81. Kb8 Rb2 82. b7 Ra2 83. Rd1+ Ke7 84. Rd4 Ra1 85. Kc7 Rc1+ 86. Kb6 Rb1+ 87. Kc6 Ke6 88. Rd6+ Ke7 89. Rd5 Rc1+ 90. Rc5 Rb1 91. Rb5 Rc1+ 92. Kb6 Kd7 93. b8=Q Rc6+ 94. Ka5 1-0

[Event "6th Cesme Open-A 2018"]
[Site "Cesme"]
[Date "2018.06.29"]
[Round "6.14"]
[White "Pektas, Yigit"]
[Black "Yildiz Kadioglu, Betul Cemre"]
[Result "0-1"]
[ECO "E16"]
[WhiteElo "1975"]
[BlackElo "2323"]
[Annotator "NA"]
[PlyCount "123"]
[EventDate "2018.06.26"]
[EventType "swiss"]
[EventCountry "TUR"]
[SourceTitle "playchess.com"]
[Source "ChessBase"]
[SourceQuality "1"]
[TimeControl "5400+30"]

1. d4 d5 2. Nf3 Nf6 3. c4 e6 4. g3 Bb4+ 5. Nbd2 O-O 6. Bg2 b6 7. O-O Bb7 8. cxd5 Bxd5 9. a3 Be7 10. Re1 $146 {[%emt 0:01:30] E16: Queen's Indian: 4 g3 Bb7 5 Bg2 Bb4+} ({Predecessor:} 10. Qc2 c5 11. e4 Bb7 12. e5 Nd5 13. dxc5 Bxc5 14. Ne4 Be7 15. Bg5 Nd7 16. Bxe7 Qxe7 17. Neg5 f5 {½-½ (60) Khader,S (2416)-Adly,A (2605) Dubai 2011}) 10... c5 11. e4 Bb7 12. e5 Nfd7 13. Nc4 cxd4 14. Qxd4 Nc5 15. Qg4 Qd3 16. Bh6 Qg6 17. Qxg6 hxg6 18. Bg5 f6 19. exf6 gxf6 20. Be3 Bd5 21. Nh4 Kf7 22. Bxc5 Bxc5 23. b4 Be7 24. Bxd5 exd5 25. Ne3 Rd8 26. Red1 ({Better is} 26. Rac1 $16) 26... d4 27. Nc2 $15 Nc6 28. Nf3 Rd7 29. Rd2 a5 30. b5 Ne5 31. Nfxd4 Bc5 32. Kf1 Rad8 33. Rad1 Nc4 34. Rd3 Nb2 35. Nc6 Nxd3 36. Nxd8+ Rxd8 37. Ke2 Nf4+ 38. gxf4 Rxd1 39. Kxd1 Bxf2 40. Ke2 Bg1 41. h3 Ke6 42. a4 Kd5 43. Kd3 Kc5 44. Ne1 Kb4 45. h4 f5 46. Nf3 Bf2 47. Ne5 Bxh4 48. Nxg6 Bf6 49. Nf8 Kxa4 50. Kc4 Ka3 51. Nd7 Bd8 52. Ne5 Kb2 53. Nd3+ Kc2 54. Ne5 Be7 55. Nc6 Bf6 56. Na7 Kb2 57. Nc8 Bd8 58. Nd6 a4 59. Kd5 a3 60. Nc4+ Kb3 61. Nd2+ Kc2 62. Nb3 0-1

[Event "6th Cesme Open-A 2018"]
[Site "Cesme"]
[Date "2018.06.29"]
[Round "6.15"]
[White "Yasin, Hur"]
[Black "Charkhalashvili, Inga"]
[Result "1/2-1/2"]
[ECO "B13"]
[WhiteElo "1991"]
[BlackElo "2325"]
[Annotator "NA"]
[PlyCount "82"]
[EventDate "2018.06.26"]
[EventType "swiss"]
[EventCountry "TUR"]
[SourceTitle "playchess.com"]
[Source "ChessBase"]
[SourceQuality "1"]
[TimeControl "5400+30"]

1. e4 c6 2. d4 d5 3. exd5 cxd5 4. Bd3 Nc6 5. Nf3 Bg4 6. c3 Qc7 7. Nbd2 e6 8. h3 Bh5 9. Qa4 Bd6 10. b4 Nf6 11. b5 Qa5 12. Qc2 Ne7 13. a4 Rc8 14. Bb2 O-O 15. Ne5 Bg6 16. Nxg6 Nxg6 17. Bxg6 hxg6 18. O-O e5 19. c4 exd4 20. Bxd4 dxc4 21. Nxc4 Qb4 22. Rfc1 Bf4 23. Qc3 Qxc3 24. Rxc3 Nd5 25. Rc2 Rfd8 26. Rb1 b6 27. g3 Bb8 28. Ne3 Rxc2 29. Nxc2 Bd6 30. a5 Rd7 31. axb6 axb6 32. Ne3 Nxe3 33. Bxe3 Bc5 34. Bxc5 bxc5 35. Rc1 Rc7 36. Kf1 c4 37. Ke2 Rc5 38. Rb1 c3 39. b6 c2 40. Rc1 Rb5 41. Rxc2 Rxb6 1/2-1/2

[Event "6th Cesme Open-A 2018"]
[Site "Cesme"]
[Date "2018.06.29"]
[Round "6.17"]
[White "Gulbeyaz, Emir"]
[Black "Kamer, Kayra"]
[Result "0-1"]
[ECO "D02"]
[WhiteElo "2074"]
[BlackElo "2181"]
[Annotator "NA"]
[PlyCount "104"]
[EventDate "2018.06.26"]
[EventType "swiss"]
[EventCountry "TUR"]
[SourceTitle "playchess.com"]
[Source "ChessBase"]
[SourceQuality "1"]
[TimeControl "5400+30"]

1. d4 Nf6 2. Bf4 e6 3. Nf3 c5 4. e3 d5 5. c3 Bd6 6. Bxd6 Qxd6 7. Bd3 Nbd7 8. Nbd2 O-O 9. O-O e5 10. dxe5 Nxe5 11. Nxe5 Qxe5 12. Qc2 Bg4 13. Rfe1 Rfe8 14. b3 Bd7 15. e4 Bc6 16. Nf3 Qh5 17. e5 Ng4 18. Bf5 d4 19. Be4 Nxe5 20. Nxe5 Rxe5 21. cxd4 Rxe4 22. Rxe4 Qg6 23. Rae1 cxd4 24. g3 Bxe4 25. Qxe4 Qxe4 26. Rxe4 Rd8 27. Kf1 Kf8 28. Ke2 d3+ 29. Kd2 Rd6 30. Rc4 Ke8 31. Rc8+ Kd7 32. Rc3 Ke6 33. Rxd3 Rxd3+ 34. Kxd3 Kd5 35. f3 g5 36. h3 b5 37. Kc3 Kc5 38. Kd3 Kb4 39. Kc2 Ka3 40. Kb1 f5 41. g4 f4 42. Ka1 a5 43. Kb1 a4 44. bxa4 bxa4 45. Ka1 Kb4 46. Kb2 a3+ 47. Kc2 Kc4 48. Kd2 Kd4 49. Ke2 Kc3 50. Ke1 Kb2 51. Kd1 Kxa2 52. Kc2 h6 0-1

[Event "6th Cesme Open-A 2018"]
[Site "Cesme"]
[Date "2018.06.29"]
[Round "6.19"]
[White "Rzayev, Bahruz"]
[Black "Oz, Ozan"]
[Result "1-0"]
[ECO "A07"]
[WhiteElo "2405"]
[BlackElo "1947"]
[Annotator "ChessBase"]
[PlyCount "53"]
[EventDate "2018.06.26"]
[EventType "swiss"]
[EventCountry "TUR"]
[SourceTitle "playchess.com"]
[Source "ChessBase"]
[SourceQuality "1"]
[TimeControl "5400+30"]

1. Nf3 d5 2. g3 Nf6 3. Bg2 c6 4. O-O Bf5 5. b3 h6 6. Bb2 e6 7. d3 Be7 8. Nbd2 O-O 9. Qe1 a5 10. e4 Bh7 11. a3 Re8 12. Qe2 c5 13. Ne5 Nc6 14. Nxc6 bxc6 15. a4 Qb6 16. Kh1 Nd7 17. f4 Qc7 18. g4 f6 19. Rae1 Bd6 20. Qf3 Rab8 21. h4 f5 22. gxf5 exf5 23. exd5 Rxe1 24. Rxe1 Bxf4 25. Re7 Kf8 26. Rxg7 Ne5 27. Qxf4 1-0

[Event "6th Cesme Open-A 2018"]
[Site "Cesme"]
[Date "2018.06.30"]
[Round "7.2"]
[White "Rasulov, Vugar"]
[Black "Sanal, Vahap"]
[Result "1-0"]
[ECO "E17"]
[WhiteElo "2516"]
[BlackElo "2510"]
[Annotator "ChessBase"]
[PlyCount "131"]
[EventDate "2018.06.26"]
[EventType "swiss"]
[EventCountry "TUR"]
[SourceTitle "playchess.com"]
[Source "ChessBase"]
[SourceQuality "1"]
[TimeControl "5400+30"]

1. d4 Nf6 2. c4 e6 3. Nf3 b6 4. g3 Bb7 5. Bg2 Be7 6. O-O O-O 7. Re1 Na6 8. a3 c5 9. d5 d6 10. Nc3 e5 11. e4 Nc7 12. b4 Nd7 13. Rb1 Bc8 14. Be3 g6 15. Bh6 Re8 16. h3 Bf8 17. Qd2 Bxh6 18. Qxh6 Qf6 19. Nd2 Qg7 20. Qxg7+ Kxg7 21. Nb5 Nxb5 22. cxb5 Kf8 23. Nc4 Ke7 24. f4 f6 25. h4 cxb4 26. axb4 Nf8 27. Bf1 Bd7 28. Ra1 Reb8 29. Ra3 Rb7 30. Rea1 Be8 31. Kf2 Bd7 32. Bd3 Be8 33. Ke3 Nd7 34. Kd2 Rc7 35. Ne3 Bf7 36. h5 Be8 37. h6 Bf7 38. Bf1 Be8 39. Bh3 Nb8 40. fxe5 fxe5 41. Bf1 Nd7 42. Bd3 Nf6 43. Ra6 Rb7 44. g4 Bd7 45. g5 Ne8 46. R6a3 Nc7 47. Rc3 Rf8 48. Rac1 Kd8 49. Rf1 Rxf1 50. Bxf1 Rb8 51. Be2 Nxb5 52. Bxb5 Bxb5 53. Ng4 a5 54. Rf3 Ke7 55. Nf6 axb4 56. Rb3 Bc4 57. Rxb4 b5 58. Nxh7 Ra8 59. Nf6 Ra2+ 60. Ke3 Ra1 61. h7 Rh1 62. Rb1 Rh3+ 63. Kd2 Rh2+ 64. Kc3 Rh3+ 65. Kb4 Kf7 66. Ra1 1-0

[Event "6th Cesme Open-A 2018"]
[Site "Cesme"]
[Date "2018.06.30"]
[Round "7.5"]
[White "Gadimbayli, Abdulla"]
[Black "Ozen, Deniz"]
[Result "1/2-1/2"]
[ECO "C07"]
[WhiteElo "2420"]
[BlackElo "2408"]
[Annotator "ChessBase"]
[PlyCount "73"]
[EventDate "2018.06.26"]
[EventType "swiss"]
[EventCountry "TUR"]
[SourceTitle "playchess.com"]
[Source "ChessBase"]
[SourceQuality "1"]
[TimeControl "5400+30"]

1. e4 e6 2. d4 d5 3. Nd2 c5 4. exd5 Qxd5 5. Ngf3 cxd4 6. Bc4 Qd7 7. O-O Nc6 8. Nb3 a6 9. Nbxd4 Nxd4 10. Nxd4 Qc7 11. Qe2 Bd6 12. h3 Ne7 13. Be3 O-O 14. Bb3 b6 15. Rfd1 e5 16. Nf3 h6 17. Nd2 Qc6 18. Qc4 Bc7 19. Qxc6 Nxc6 20. Ne4 Rb8 21. Nd6 Na5 22. Nxc8 Rfxc8 23. Rd7 Nxb3 24. axb3 a5 25. c4 Bd8 26. Rd5 f6 27. Rb5 Kf7 28. b4 Ke6 29. b3 Bc7 30. Rd1 h5 31. Kf1 axb4 32. Ra1 Kd7 33. Rxb4 Kc6 34. Rba4 Bd6 35. b4 Kd7 36. Rc1 Ra8 37. Rxa8 1/2-1/2